 Dungeon Crawl Stone Soup version 0.25-a0-927-g39f137c8b7 (webtiles) character file.

Game seed: 5887032981987923441, levelgen mode: deterministic

1187 Maedhros the Covert (level 8, -7/48 HPs)
             Began as an Octopode Artificer on May 3, 2020.
             Killed from afar by Dowan (18 damage)
             ... with a stone arrow
             ... on level 5 of the Dungeon.
             The game lasted 00:07:09 (2982 turns).

Maedhros the Covert (Octopode Artificer)            Turns: 2982, Time: 00:07:09

Health: -7/48      AC:  1    Str: 10 (12) XL:     8   Next: 43%
Magic:  10/10      EV: 13    Int: 23      God:
Gold:   118        SH:  0    Dex: 12 (14) Spells: 7/7 levels left

rFire    . . .     SeeInvis .   d - +2 mace of Revolt {vorpal, *Corrode MR+ Int+7}
rCold    . . .     Gourm    .   (no shield)
rNeg     . . .     Faith    .   (helmet restricted)
rPois    .         Spirit   .   (no amulet)
rElec    .         Reflect  .   v - +3 ring of intelligence (curse)
rCorr    .         Harm     .   (no ring)
MR       +....                  (no ring)
Stlth    +++++.....             (no ring)
HPRegen  0.16/turn              (no ring)
MPRegen  0.12/turn              (no ring)
                                (no ring)
                                (no ring)

@: stab
A: almost no armour, stealthy swim, amphibious, 8 rings, constrict 8, camouflage
1, gelatinous body 1
a: no special abilities


You were on level 5 of the Dungeon.
You were not hungry.

You visited 2 branches of the dungeon, and saw 6 of its levels.
You also visited: Sewer.

You collected 118 gold pieces.

Inventory:

Hand Weapons
 a - a +0 short sword
 d - the +2 mace of Revolt (weapon) {vorpal, *Corrode MR+ Int+7}
   (You found it on level 5 of the Dungeon)

   It inflicts extra damage upon your enemies.
   It affects your intelligence (+7).
   It affects your resistance to hostile enchantments.
   It may corrode you when you take damage.
 e - a +0 vorpal mace
Missiles
 n - 13 poisoned darts (quivered)
Jewellery
 v - a cursed +3 ring of intelligence (left tentacle)
Wands
 b - a wand of flame (8)
 q - a wand of polymorph (10)
 w - a wand of acid (9)
Scrolls
 g - 7 scrolls of identify {unknown}
 i - 3 scrolls of remove curse {unknown}
 k - a scroll of fog {unknown}
 l - a scroll of noise {unknown}
 m - a scroll of fear {unknown}
 o - 2 scrolls of amnesia {unknown}
 p - a scroll of enchant armour {unknown}
Potions
 h - 4 potions of stabbing
 j - a potion of degeneration
 r - a potion of flight {unknown}
 s - a potion of heal wounds {unknown}
 t - a potion of curing
 u - a potion of might {unknown}
Comestibles
 c - 2 chunks of flesh
 f - 10 rations


   Skills:
 - Level 1.0 Fighting
 - Level 1.0 Short Blades
 - Level 2.0 Dodging
 - Level 10.0 Stealth
 + Level 6.7 Unarmed Combat
 - Level 3.2 Evocations


You had 7 spell levels left.
You didn't know any spells.
Your spell library was empty.

Dungeon Overview and Level Annotations

Branches:
Dungeon (5/15)             Temple (1/1) D:4           Sewer (visited)

Altars:
Dithmenos
Fedhas
Kikubaaqudgha
Nemelex Xobeh
Okawaru
Qazlal
Ru
Sif Muna
Trog
Uskayaw
Vehumet
Yredelemnul
Zin

Annotations:
D:4 Eustachio
D:5 Dowan


Innate Abilities, Weirdness & Mutations

You cannot wear most types of armour.
You are very stealthy in the water. (Stealth+)
You are amphibious.
You can wear up to eight rings at the same time.
You can use your tentacles to constrict eight enemies at once.
Your skin changes colour to match your surroundings (Stealth+).
Your rubbery body absorbs attacks. (AC +1, EV +1)


Message History

Dowan screams, "No!
Oh no!"
Dowan seems to find hidden reserves of power!
You feel your intelligence returning.
You sock the quokka!
You kill the quokka!
Dowan barely misses you.
You closely miss Dowan. Your grab misses Dowan. You squeeze Dowan!
Dowan is heavily wounded.
Dowan hits you with a +0 dagger. x3
* * * LOW HITPOINT WARNING * * *
You hit Dowan but do no damage. Your grab misses Dowan.
You squeeze Dowan, but do no damage.
Dowan is heavily wounded.
Dowan barely misses you. Dowan hits you with a +0 dagger.
* * * LOW HITPOINT WARNING * * *
You closely miss Dowan. Your grab misses Dowan. Your squeeze misses Dowan.
Dowan is moderately wounded.
Dowan points at you and mumbles some strange words.
The stone arrow hits you!!
You die...

.........#
#>#.#####..#####......
#...###..# #.#.# #..# #.#####
##.## #..###.#.#####..#####.#
##.####.....................#
............(.....##.>#.#####
##.######.........##........#
##.# #.#####...####.####.#
...# #.# ##.## #.# ##.## #.#
#@# #.# #...####..######e#
#.# .................#####..
#...###.................
##...<.. ......#.#.##...
........ .####..........
#######.. ###.#.####. . ..#.#
... .


You could see Dowan.

Vanquished Creatures
  Duvessa (D:5)
  Edmund (D:4)
  A sky beast (D:5)
  2 ogres (D:5)
  A centaur (D:5)
  A big kobold (Sewer)
  4 scorpions (D:5)
  2 crimson imps (D:5)
  2 orc priests (D:5)
  Ijyb (D:4)
  2 worker ants
  4 gnolls (D:5)
  2 adders (Sewer)
  2 river rats
  A worm (D:4)
  2 dart slugs
  3 leopard geckos
  6 orcs
  6 ball pythons (Sewer)
  A bat (D:1)
  3 giant cockroaches
  4 jackals
  16 kobolds
  3 quokkas (D:5)
  2 frilled lizards
  4 goblins
  28 rats
105 creatures vanquished.

Vanquished Creatures (collateral kills)
  An orc wizard (D:5)
  A giant cockroach (D:5)
  A kobold (Sewer)
3 creatures vanquished.

Vanquished Creatures (others)
  2 orc wizards (D:5)
  A worker ant (D:5)
3 creatures vanquished.

Grand Total: 111 creatures vanquished

Notes
Turn   | Place    | Note
-------+----------+-------------------------------------------
     0 | D:1      | Maedhros the Octopode Artificer began the quest for the
                  | Orb.
     0 | D:1      | Reached XP level 1. HP: 13/13 MP: 3/3
   153 | D:1      | Reached skill level 2 in Stealth
   381 | D:1      | Reached skill level 3 in Stealth
   381 | D:1      | Reached XP level 2. HP: 18/18 MP: 4/4
   689 | D:4      | Found a staircase to the Ecumenical Temple.
   695 | Temple   | Entered the Ecumenical Temple
   713 | D:4      | Reached skill level 4 in Stealth
   715 | D:4      | Noticed Edmund
   826 | D:4      | Reached XP level 3. HP: 7/23 MP: 5/5
   942 | D:4      | Found a basalt altar of Yredelemnul.
   953 | D:4      | Noticed Ijyb
   977 | D:4      | Noticed Eustachio
  1024 | D:4      | Killed Edmund
  1024 | D:4      | Reached skill level 7 in Stealth
  1024 | D:4      | Reached XP level 4. HP: 5/28 MP: 6/6
  1024 | D:4      | Reached XP level 5. HP: 6/33 MP: 7/7
  1068 | D:4      | Killed Ijyb
  1181 | D:4      | Found a glowing drain.
  1185 | Sewer    | Entered a sewer
  1204 | Sewer    | Reached skill level 8 in Stealth
  1426 | Sewer    | Reached XP level 6. HP: 16/38 MP: 8/8
  1720 | Sewer    | Reached skill level 9 in Stealth
  2127 | D:5      | Entered Level 5 of the Dungeon
  2195 | D:5      | Reached skill level 10 in Stealth
  2195 | D:5      | Reached skill level 1 in Unarmed Combat
  2195 | D:5      | Reached XP level 7. HP: 27/43 MP: 9/9
  2474 | D:5      | Reached skill level 5 in Unarmed Combat
  2474 | D:5      | Reached XP level 8. HP: 16/48 MP: 10/10
  2919 | D:5      | Got a crude mace
  2920 | D:5      | Identified the +2 mace of Revolt {vorpal, *Corrode MR+
                  | Int+7} (You found it on level 5 of the Dungeon)
  2952 | D:5      | Noticed Dowan
  2955 | D:5      | Noticed Duvessa
  2978 | D:5      | Killed Duvessa
  2982 | D:5      | Killed from afar by Dowan

Levels and vault maps discovered:
D:1:      dpeg_arrival_orchard, layout_loops_corners, hangedman_decor_growths
D:2:      layout_basic, grunt_temple_overflow_open, dk_xom_monty_hall
D:3:      minmay_door_path, layout_basic, nicolae_qazlal_eye_of_the_storm,
          uniq_crazy_yiuf_cottage
D:4:      layout_basic, overflow_temple_1_default, temple_green,
          gup_sewer_entry_bowl, first_ration, uniq_eustachio, uniq_ijyb,
          uniq_edmund
D:5:      layout_loops_ring, chequers_serial_rivers_micro_c,
          minmay_chambers_of_fives, uniq_duvessa
Temple:   nicolae_temple_no_exploring_needed

Skill      XL: |  1  2  3  4  5  6  7  8 |
---------------+-------------------------+-----
Stealth        | 3 4 7 8 10 | 10.0
Unarmed Combat | 1 5 6 |  6.7
Fighting       | |  1.0
Short Blades   | |  1.0
Dodging        | |  2.0
Evocations     | |  3.2

Action                   |  1- 3 |  4- 6 |  7- 9 || total
-------------------------+-------+-------+-------++-------
Melee: Short sword       |    47 |    88 |    30 ||   165
       Constrict         |    12 |    21 |    10 ||    43
       Tentacles         |    10 |    15 |    12 ||    37
       Mace              |       |       |    13 ||    13
       Punch             |       |       |     1 ||     1
Evoke: Wand              |    14 |    21 |    25 ||    60
  Use: Potion            |       |     2 |     5 ||     7
 Stab: Sleeping          |     3 |    11 |       ||    14
       Paralysed         |     4 |       |       ||     4
       Distracted        |       |       |     2 ||     2
  Eat: Chunk             |       |     4 |     3 ||     7
Armor: Skin              |     5 |    10 |     2 ||    17
Dodge: Dodged            |    28 |    59 |    40 ||   127

Table legend:
 A = Non-vault XP
 B = Vault XP
 C = Vault XP percentage of total XP
 D = Non-vault monster count
 E = Vault monster count
 F = Vault count percentage of total count
                 A         B        C        D         E       F
            +---------+---------+-------+---------+---------+-------
      Total |     805 |     892 |  52.6 |      49 |      59 |  54.6
            +---------+---------+-------+---------+---------+-------
        D:1 |      13 |       0 |   0.0 |       8 |       0 |   0.0
        D:2 |       7 |       0 |   0.0 |       3 |       0 |   0.0
        D:3 |       3 |       0 |   0.0 |       2 |       0 |   0.0
        D:4 |      58 |     204 |  77.9 |      10 |       6 |  37.5
        D:5 |     724 |     497 |  40.7 |      26 |       5 |  16.1
      Sewer |       0 |     191 | 100.0 |       0 |      48 | 100.0
            +---------+---------+-------+---------+---------+-------
